 Dungeon Crawl Stone Soup version 0.19.4-8-ga85b6b9 (webtiles) character file.

237 dngmouse the Sneak (level 5, -5/35 HPs)
             Began as a Vampire Enchanter on Feb 12, 2017.
             Shot with an arrow by a centaur (7 damage)
             ... on level 3 of the Dungeon.
             The game lasted 00:21:09 (7436 turns).

dngmouse the Sneak (Vampire Enchanter)              Turns: 7436, Time: 00:21:09

Health: -5/35      AC:  3    Str:  7    XL:     5   Next: 77%
Magic:  2/8        EV: 13    Int: 17    God:
Gold:   134        SH:  0    Dex: 16    Spells: 3 memorised, 2 levels left

rFire  + . .     SeeInvis +     b - +0 dagger (protect)
rCold  + . .     Gourm    .     q - +0 leather armour {rF+}
rNeg   + + .     Faith    .     (no shield)
rPois  +         Spirit   .     (no helmet)
rElec  .         Reflect  .     (no cloak)
rCorr  .         Harm     .     (no gloves)
MR     .....                    (no boots)
Stlth  ++++......               (no amulet)
                                (no ring)
                                (no ring)

@: very slightly contaminated, regenerating slowly
A: fangs 3, see invisible, unbreathing
a: Bat Form


You were on level 3 of the Dungeon.
You were very thirsty.

You visited 1 branch of the dungeon, and saw 3 of its levels.

You collected 134 gold pieces.

Inventory:

Hand Weapons
 a - a +0 falchion
 b - a +0 dagger of protection (weapon)
 c - a +1 dagger
Armour
 o - a +1 robe
 q - a +0 leather armour of fire resistance (worn)
Wands
 m - a wand of polymorph (8/24)
Scrolls
 f - 3 scrolls of teleportation {unknown}
 h - 2 scrolls of enchant weapon {unknown}
 i - a scroll of fear {unknown}
 j - a scroll of magic mapping {unknown}
 l - 2 scrolls of enchant armour {unknown}
 n - a scroll of amnesia {unknown}
Potions
 d - 8 potions of blood
 e - a potion of degeneration {unknown}
 g - a potion of beneficial mutation {unknown}
 k - 3 potions of curing {unknown}
Books
 p - a book of Maledictions

   Spells                             Type                      Level
   a - Corona                         Hexes                        1
   b - Ensorcelled Hibernation        Hexes/Ice                    2
   c - Confuse                        Hexes                        3
   d - Tukima's Dance                 Hexes                        3
   e - Dazzling Spray                 Conjuration/Hexes            3


   Skills:
 - Level 1.1(1.4) Short Blades
 + Level 1.2(1.4) Long Blades
 + Level 3.2 Dodging
 * Level 7.1 Stealth
 - Level 2.0 Spellcasting
 * Level 6.8 Hexes


You had 2 spell levels left.
You knew the following spells:

 Your Spells              Type           Power        Failure   Level  Hunger
a - Corona                Hex            ####...      1%          1    #......
b - Ensorcelled Hibernat  Hex/Ice        ##....       14%         2    ###....
c - Confuse               Hex            ####....     8%          3    ###....


Dungeon Overview and Level Annotations

Branches:
Dungeon (3/15)

Altars:

Annotations:
D:3 Zorot's ghost, amateur KoCK


Innate Abilities, Weirdness & Mutations

You heal slowly.
You have razor-sharp teeth.
You have supernaturally acute eyesight. (SInv)
You can survive without breathing.


Message History

* * * LOW HITPOINT WARNING * * *
You don't have enough magic at the moment.
The centaur wields a shortbow.
The centaur shoots an arrow.
The arrow hits you.
* * * LOW HITPOINT WARNING * * *
You see here an arrow.
The centaur shoots an arrow.
The arrow misses you.
The centaur shoots an arrow.
The arrow closely misses you.
The centaur shoots an arrow.
The arrow closely misses you.
The centaur shoots an arrow.
The arrow closely misses you.
The centaur shoots an arrow.
The arrow hits you but does no damage.
You see here an arrow.
The centaur shoots an arrow.
The arrow hits you.
* * * LOW HITPOINT WARNING * * *
You see here an arrow.
The centaur shoots an arrow.
The arrow closely misses you.
The centaur shoots an arrow.
The arrow closely misses you.
You see here a bat skeleton.
You see here 2 arrows.
The centaur shoots an arrow.
The arrow hits you!
You die...

##.. #.... #....
#.....# #g#..#
....##.#
#c#...###..###..## #
#(# #...####.......#
#.# #....)...####.#
#g#####.#..##.##... .#
#(c..((.#.###)##.# .##
####.##รท(@.......#
..#
#.###########.###..#.#
#.# #........# #.#
###..#.### #.# #..#
#.# #..# #.#
########..# #.#
.......[).#
########.##


You could see a centaur.

Vanquished Creatures
  3 orc wizards
  3 adders (D:2)
  A worm (D:2)
  4 dart slugs
  3 leopard geckos
  11 orcs
  3 ball pythons
  4 giant cockroaches (D:2)
  12 goblins
  6 hobgoblins
  8 jackals
  2 quokkas (D:2)
  10 bats
  3 frilled lizards
  12 kobolds
  8 rats
93 creatures vanquished.

Notes
Turn   | Place    | Note
-------+----------+-------------------------------------------
     0 | D:1      | dngmouse the Vampire Enchanter began the quest for the Orb.
     0 | D:1      | Reached XP level 1. HP: 13/13 MP: 3/3
    92 | D:1      | Reached XP level 2. HP: 12/19 MP: 5/5
   101 | D:1      | Learned a level 2 spell: Ensorcelled Hibernation
   108 | D:1      | Reached skill level 5 in Stealth
   754 | D:1      | Reached XP level 3. HP: 16/24 MP: 6/6
   834 | D:1      | Reached skill level 5 in Hexes
  1157 | D:2      | Learned a level 3 spell: Confuse
  1712 | D:2      | Reached skill level 6 in Stealth
  1712 | D:2      | Reached XP level 4. HP: 30/30 MP: 7/7
  2400 | D:3      | HP: 1/30 [orc wizard/magic dart (6)]
  3115 | D:3      | Noticed Zorot's ghost (amateur KoCK)
  3903 | D:2      | Reached XP level 5. HP: 24/35 MP: 3/8
  6333 | D:3      | Reached skill level 1 in Long Blades
  6333 | D:3      | Reached skill level 7 in Stealth
  7407 | D:3      | Noticed a centaur
  7436 | D:3      | Shot with an arrow by a centaur

Skill      XL: |  1  2  3  4  5 |
---------------+----------------+-----
Stealth        | 5 6 7 |  7.1
Hexes          | 5 6 |  6.8
Dodging        | 3 |  3.2
Long Blades    | 1 |  1.2
Short Blades   | |  1.1
Spellcasting   | |  2.0

Action                   |  1- 3 |  4- 6 || total
-------------------------+-------+-------++-------
Melee: Dagger            |   159 |   278 ||   437
       Bite              |    10 |    31 ||    41
       Falchion          |       |    10 ||    10
 Cast: Corona            |     6 |    14 ||    20
       Ensorcelled Hiber |     6 |    35 ||    41
       Confuse           |       |    18 ||    18
  Use: Potion            |     1 |    14 ||    15
 Stab: Sleeping          |    12 |    20 ||    32
       Distracted        |     2 |       ||     2
       Confused          |       |     3 ||     3
Armor: Robe              |    42 |    54 ||    96
       Leather armour    |       |    35 ||    35
Dodge: Dodged            |   128 |   200 ||   328
       Rpst.: Falchion   |       |     2 ||     2
